AoeStats
← xxSle3py

MegaRandom

509579424Analyzed
4v4 RM · 5d ago on Sep 27, 2026· 49m 13s· 8 players
Game mode
Random Map
Map size
Large (8 player)
Population
200
Speed
Normal
Resources
Standard
Victory
Conquest
Starting age
Dark Age
Ending age
Imperial Age
RankedLock teamsTeams togetherTeam positionsShared explorationLock speedFull tech treeHidden civsTurbo modeCheats
Victory
Defeat
🇰🇷 Cumans · South Korea
1111
+15
🇺🇸 Danes · United States
1105
+15
🇵🇱 Lithuanians · Poland
1056
+17
🇪🇸 Spanish · Spain
1044
+17
🇮🇹 Celts · Italy
1099
-17
🇬🇧 Varangians · United Kingdom
1088
-16
🇨🇳 Khmer · China
1085
-16
🇪🇸 Spanish · Spain
1062
-15
Brooony
7:51 Loom
17:42 Feudal Age
25:49 Castle Age
24:13 Bloodlines
24:11 Horse Collar
24:33 Double-Bit Axe
26:53 Bow Saw
26:46 Heavy Plow
27:45 Forging
29:33 Wheelbarrow
31:10 Scale Barding Armor
33:32 Iron Casting
34:18 Hand Cart
35:18 Chain Barding Armor
38:25 Pikeman
39:15 Scale Mail Armor
41:21 Chain Mail Armor
Jumillanix [ESP]
3:27 Loom
13:51 Feudal Age
14:55 Double-Bit Axe
17:45 Fishing Lines
19:49 Town Watch
20:42 Wheelbarrow
24:30 Castle Age
22:27 Horse Collar
22:40 Gold Mining
23:43 Fletching
30:06 Hand Cart
31:03 Padded Archer Armor
31:19 Bloodlines
31:10 Husbandry
31:55 Murder Holes
32:21 Ballistics
32:00 Murder Holes
32:15 Masonry
33:27 Bodkin Arrow
33:48 Leather Archer Armor
33:46 Bow Saw
33:37 Heavy Plow
40:34 Imperial Age
41:37 Conscription
fabio07deluca
15:24 Loom
17:10 Feudal Age
18:31 Double-Bit Axe
18:30 Horse Collar
23:49 Town Watch
26:27 Castle Age
25:04 Wheelbarrow
24:23 Gold Mining
24:28 Stone Mining
26:20 Fletching
26:44 Elite Skirmisher
28:30 Stone Shaft Mining
28:08 Bow Saw
28:05 Bodkin Arrow
28:16 Heavy Plow
30:33 Gold Shaft Mining
33:11 Hand Cart
33:25 Stronghold
35:30 Pikeman
36:40 Scale Mail Armor
36:51 Forging
39:19 Chain Mail Armor
39:16 Arson
40:12 Iron Casting
43:17 Imperial Age
42:50 Town Patrol
43:58 Capped Ram
45:07 Halberdier
46:30 Plate Mail Armor
47:00 Blast Furnace
46:54 Padded Archer Armor
48:17 Guilds
48:36 Masonry
48:47 Ballistics
49:43 Chemistry
電動遊戯
6:08 Loom
7:02 Loom
19:01 Feudal Age
23:35 Castle Age
25:10 Double-Bit Axe
28:53 Wheelbarrow
28:10 Pikeman
35:19 Arson
36:34 Bloodlines
36:24 Husbandry
37:23 Horse Collar
38:47 Bow Saw
39:06 Hand Cart
39:49 Gold Mining
39:51 Stone Mining
41:03 Town Watch
43:13 Town Patrol
46:51 Imperial Age
xxSle3py
5:10 Loom
14:53 Feudal Age
18:36 Castle Age
16:34 Horse Collar
17:31 Double-Bit Axe
19:47 Bow Saw
19:40 Heavy Plow
24:15 Wheelbarrow
24:48 Gold Mining
24:48 Stone Mining
25:49 Hand Cart
29:05 Fletching
29:15 Padded Archer Armor
31:16 Stone Shaft Mining
31:17 Gold Shaft Mining
32:16 Ballistics
33:32 Bodkin Arrow
33:52 Leather Archer Armor
33:47 Thumb Ring
33:03 Crossbowman
39:14 Imperial Age
38:25 Town Watch
38:44 Squires
38:30 Gambesons
38:30 Arson
38:06 Pikeman
38:07 Man-at-Arms
39:10 Town Patrol
38:33 Hamask
40:02 Bracer
40:14 Forging
39:42 Heavy Mounted Crossbowman
42:00 Chemistry
41:22 Cranequins
43:55 Ring Archer Armor
44:00 Iron Casting
43:25 Scale Mail Armor
50:11 Conscription
KIELE_PL
7:21 Loom
14:53 Feudal Age
24:02 Castle Age
22:27 Double-Bit Axe
22:38 Horse Collar
25:39 Town Watch
27:21 Bow Saw
28:19 Wheelbarrow
31:43 Heavy Plow
32:25 Husbandry
38:20 Imperial Age
35:45 Stone Mining
35:49 Gold Mining
36:38 Hand Cart
37:01 Forging
36:52 Scale Mail Armor
39:28 Iron Casting
38:59 Scale Barding Armor
40:20 Chemistry
39:58 Conscription
40:31 Fletching
41:56 Two-Man Saw
41:29 Crop Rotation
46:52 Chain Barding Armor
48:13 Hoardings
48:30 Plate Barding Armor
AquarianAge
8:58 Loom
19:04 Feudal Age
24:22 Castle Age
23:10 Horse Collar
23:16 Double-Bit Axe
26:16 Bow Saw
26:07 Heavy Plow
34:28 Fletching
44:01 Imperial Age
42:36 Gold Mining
42:38 Stone Mining
43:44 Wheelbarrow
45:30 Hand Cart
46:43 Two-Man Saw
48:13 Chemistry
47:02 Town Watch
49:08 Scale Barding Armor
49:08 Padded Archer Armor
49:33 Conscription
SHK
3:32 Loom
16:14 Feudal Age
19:18 Double-Bit Axe
25:46 Castle Age
23:57 Horse Collar
24:11 Stone Mining
26:03 Gold Mining
27:00 Wheelbarrow
27:06 Bloodlines
27:22 Bow Saw
28:58 Gold Shaft Mining
31:08 Forging
30:52 Crossbowman
31:53 Crossbowman
32:43 Heavy Plow
36:04 Thumb Ring
36:02 Padded Archer Armor
36:45 Hand Cart
38:46 Caravan
40:19 Pikeman
47:36 Imperial Age
48:13 Cavalier
Connection lost

Rejoining the realm…

Still unreachable

The connection could not be restored.

Session expired

The server has moved on; the page needs a fresh start.